 Dungeon Crawl Stone Soup version 0.30-a0-591-g3c58d2bc28 (webtiles) character file.

Game seed: 11246461176355626385

537 funkygono the Firebug (level 7, 0/48 HPs)
             Began as a Demonspawn Fire Elementalist on Jan 5, 2023.
             Slain by an orc wizard
             ... wielding a +0 dagger
              (4 damage)
             ... on level 4 of the Dungeon.
             The game lasted 00:05:16 (3540 turns).

funkygono the Firebug (DsFE)                        Turns: 3540, Time: 00:05:17

Health: 0/48       AC:  3    Str:  9    XL:     7   Next: 5%
Magic:  13/13      EV: 12    Int: 24    God:
Gold:   160        SH:  0    Dex: 13    Spells: 11/14 levels left

rFire   . . .      SeeInvis .    h - +2 dagger (drain)
rCold   . . .      Faith    .    (no shield)
rNeg    . . .      Spirit   .    a - +0 robe
rPois   .          Reflect  .    (helmet restricted)
rElec   .          Harm     .    (no cloak)
rCorr   .          Rampage  .    u - +0 pair of gloves
Will    .....                    (no boots)
Stlth   ++                       (no amulet)
HPRegen 0.28/turn                s - +6 ring of intelligence
MPRegen 0.13/turn                p - ring of wizardry

@: no status effects
A: horns 1, powered by pain 1
a: no special abilities


You were on level 4 of the Dungeon.
You visited 1 branch of the dungeon, and saw 4 of its levels.

You collected 160 gold pieces.

Inventory:

Hand Weapons
 h - a +2 dagger of draining (weapon)
 l - a +0 whip
Armour
 a - a +0 robe (worn)
 d - a +0 leather armour
 u - a +0 pair of gloves (worn)
Jewellery
 g - a +5 ring of evasion
 p - a ring of wizardry (right hand)
 s - a +6 ring of intelligence (left hand)
Wands
 o - a wand of flame (15)
Scrolls
 f - 8 scrolls of identify {unknown}
 m - a scroll of butterflies {unknown}
 n - a scroll of enchant armour {unknown}
 r - a scroll of vulnerability {unknown}
 t - 2 scrolls of fog {unknown}
 v - a scroll of amnesia {unknown}
Potions
 c - a potion of lignification {unknown}
 e - a potion of heal wounds {unknown}
 i - a potion of resistance {unknown}
 j - a potion of ambrosia {unknown}
 k - 2 potions of curing {unknown}
 q - 3 potions of might {unknown}
 w - a potion of cancellation {unknown}
 x - a potion of invisibility {unknown}
 z - 2 potions of degeneration {unknown}


   Skills:
 + Level 1.0 Fighting
 + Level 2.2 Dodging
 - Level 1.7 Stealth
 + Level 4.4 Spellcasting
 + Level 3.5 Conjurations
 + Level 4.8 Fire Magic


You had 11 spell levels left.
You knew the following spells:

 Your Spells              Type           Power      Damage    Failure   Level
a - Foxfire               Conj/Fire      100%       2x1d9     1%          1
b - Scorch                Fire           56%        2d8       1%          2

Your spell library contained the following spells:

 Spells                   Type           Power      Damage    Failure   Level
 Inner Flame              Hex/Fire       16%        N/A       4%          3
 Kindle Blastsparks       Fire/Tloc/Air  26%        2d12      6%          3
 Flame Wave               Conj/Fire      25%        2d8       7%          4
 Animate Dead             Necr           5%         N/A       34%         4
 Borgnjor's Vile Clutch   Necr/Erth      2%         N/A       67%         5
 Death Channel            Necr           2%         N/A       99%         6


Dungeon Overview and Level Annotations

Branches:
Dungeon (4/15)
 Temple: D:4-7

Altars:
Fedhas
Hepliaklqana
Qazlal
Trog

Shops:
D:1 (


Innate Abilities, Weirdness & Mutations

You have a pair of small horns on your head.
You sometimes gain a little power by taking damage.


Message History

* * * LOW HITPOINT WARNING * * *
The foxfire hits something.
Casting: Foxfire (safe; 1% risk of failure)
Confirm with . or Enter, or press ? or * to list all spells.
You conjure some foxfire!
The foxfire hits something.
An orc wizard comes into view. It is wielding a +0 dagger.
The necrophage hits you.
* * * LOW HITPOINT WARNING * * *
Casting: Foxfire (safe; 1% risk of failure)
Confirm with . or Enter, or press ? or * to list all spells.
You conjure some foxfire!
The necrophage hits you but does no damage.
Something barely misses you.
The orc wizard mumbles some strange words.
The orc wizard flickers and vanishes!
Unknown command.
The foxfire hits something.
The foxfire hits something!
Reactivating autopickup.
You feel a bit more experienced.
The foxfire hits the orc wizard but does no damage.
The foxfire hits the orc wizard.
The orc wizard is moderately wounded.
The necrophage hits you.
* * * LOW HITPOINT WARNING * * *
Your life force feels restored.
You have reached level 7!
Casting: Foxfire (safe; 1% risk of failure)
Confirm with . or Enter, or press ? or * to list all spells.
You conjure some foxfire!
The necrophage closely misses you. Magic courses through your body.
The foxfire hits the orc wizard!
The orc wizard is almost dead.
The foxfire hits the orc wizard.
You kill the orc wizard!
The necrophage hits you but does no damage.
Casting: Foxfire (safe; 1% risk of failure)
Confirm with . or Enter, or press ? or * to list all spells.
You conjure some foxfire!
The necrophage hits you but does no damage.
Something hits you.
You die...

.# ... . ..##......# .#
##... #.###.....# ###
...########.#.......#
..# .....#......)#####.#
#....# #...##.......##)#
###.. .#
######...#.......##.# .
. ...
#...###..........##.# #
#..#....vv..........##.#
#.....†)@.#.#..)....##.#
.##...n###.........##.##
#.!.{.###.####........
#..###..##.........P._.
#.). ...####..........
...) ##.# #....).....
... .#.# #.......... ..
##.. #...)...... . ....
#..........


You could see a necrophage.

Vanquished Creatures
  An ogre (D:4)
  A scorpion (D:4)
  A necrophage (D:4)
  2 jellies (D:2)
  An iguana (D:4)
  3 orc wizards (D:4)
  3 gnolls (D:4)
  3 adders
  An ufetubus (D:4)
  A worm (D:3)
  A dart slug (D:3)
  3 orcs
  10 ball pythons
  16 endoplasms
  5 giant cockroaches
  8 goblins
  9 hobgoblins
  A quokka (D:1)
  6 bats
  2 frilled lizards
  17 kobolds
  6 rats
101 creatures vanquished.

Vanquished Creatures (collateral kills)
  A foxfire (D:2)
1 creature vanquished.

Vanquished Creatures (others)
  269 foxfires
  A fungus (D:2)
  7 toadstools (D:2)
277 creatures vanquished.

Grand Total: 379 creatures vanquished

Notes
Turn   | Place    | Note
-------+----------+-------------------------------------------
     0 | D:1      | funkygono the Demonspawn Fire Elementalist began the quest
                  | for the Orb.
     0 | D:1      | Reached XP level 1. HP: 13/13 MP: 3/3
   208 | D:1      | Gained mutation: You sometimes gain a little power by
                  | taking damage. [demonic ancestry]
   208 | D:1      | Reached XP level 2. HP: 19/19 MP: 3/5
   211 | D:1      | Learned a level 2 spell: Scorch
   689 | D:1      | Gained mutation: You have a pair of small horns on your
                  | head. [demonic ancestry]
   689 | D:1      | Reached XP level 3. HP: 24/24 MP: 3/6
   893 | D:1      | Found Neunach's Weapon Shop.
  1291 | D:2      | Reached XP level 4. HP: 30/30 MP: 3/7
  1778 | D:2      | Reached XP level 5. HP: 33/36 MP: 5/9
  2565 | D:3      | Found a blossoming altar of Fedhas.
  2895 | D:3      | Found a stormy altar of Qazlal.
  3150 | D:4      | Found a bloodstained altar of Trog.
  3170 | D:4      | Noticed an ogre
  3180 | D:4      | Killed an ogre
  3181 | D:4      | Reached XP level 6. HP: 42/42 MP: 2/12
  3431 | D:4      | Found a hazy altar of Hepliaklqana.
  3527 | D:4      | Reached skill level 1 in Fighting
  3538 | D:4      | Reached XP level 7. HP: 3/48 MP: 1/13
  3540 | D:4      | Slain by an orc wizard

Illustrated notes

Levels and vault maps discovered:
D:1:      mainiacjoe_arrival_reflecting_pool, layout_basic, serial_shops,
          nicolae_shop_statue_plus, serial_park_tiny_pond
D:2:      cheibrodos_fertilizer, layout_basic
D:3:      layout_basic, fedhas_altar_fruit_tree, mainiacjoe_overflow_alcove_4
D:4:      layout_rooms, trog_three_pillars_becter,
          mainiacjoe_overflow_tiny_flanked, nicolae_elyvilon_temple_path,
          minmay_a_box_with_orc_wizards_in_it

Skill      XL: |  1  2  3  4  5  6 |
---------------+-------------------+-----
Fire Magic     | 3 4 |  4.8
Dodging        | 2 |  2.2
Conjurations   | 2 3 |  3.5
Spellcasting   | 3 4 |  4.4
Fighting       | 1 |  1.0
Stealth        | |  1.7

Action                   |  1- 3 |  4- 6 |  7- 9 || total
-------------------------+-------+-------+-------++-------
Melee: Dagger            |       |     2 |       ||     2
 Cast: Foxfire           |    50 |   103 |     2 ||   155
       Scorch            |     5 |     9 |       ||    14
  Use: Potion            |       |       |     1 ||     1
Armor: Robe              |     1 |     8 |     2 ||    11
Dodge: Dodged            |    18 |    15 |     1 ||    34

Table legend: (Time is in decaauts)
 A = Elapsed time spent in this place.
 B = Non-inter-level travel time spent in this place.
 C = Inter-level travel time spent in this place.
 D = Time resting spent in this place.
 E = Time spent auto-exploring this place.
 F = Levels seen in this place.
 G = Mean time per level.
                   A        B        C        D        E       F      G
               +--------+--------+--------+--------+--------+-----+--------+
         Total |   3536 |   3520 |     16 |    118 |   2821 |   4 |  884.0 |
       Dungeon |   3536 |   3520 |     16 |    118 |   2821 |   4 |  884.0 |
               +--------+--------+--------+--------+--------+-----+--------+

Top non-repeatable levels by time:
     D:2: 1359 daAuts
     D:1: 965 daAuts
     D:3: 664 daAuts
     D:4: 546 daAuts
